 Dungeon Crawl Stone Soup version 0.29-a0-383-g8b6f518c11 (webtiles) character file.

Game seed: 9302583079240222476

6 KateP the Stinger (level 1, 15/15 HPs)
             Began as a Naga Venom Mage on May 6, 2022.
             Got out of the dungeon alive.
             The game lasted 00:01:45 (712 turns).

KateP the Stinger (Naga Venom Mage)                  Turns: 712, Time: 00:01:45

Health: 15/15      AC:  1    Str: 10    XL:     1   Next: 90%
Magic:  3/3        EV:  9    Int: 15    God:
Gold:   30         SH:  0    Dex: 11    Spells: 3/4 levels left

rFire   . . .      SeeInvis +   c - +0 dagger
rCold   . . .      Faith    .   (no shield)
rNeg    . . .      Spirit   .   a - +0 robe
rPois   +          Reflect  .   (no helmet)
rElec   .          Harm     .   f - scarf {+Inv}
rCorr   .          Rampage  .   (no gloves)
Will    .....                   (no barding)
Stlth   ++........              (no amulet)
HPRegen 0.05/turn               (no ring)
MPRegen 0.08/turn               (no ring)

@: very slow
A: AC +0, large, see invisible, deformed body, poison resistance, slowness 2,
spit poison 1, naga tail 1
a: Spit Poison, Evoke Invisibility


You escaped.
You visited 1 branch of the dungeon, and saw 1 of its levels.

You collected 30 gold pieces.

Inventory:

Hand Weapons
 c - a +0 dagger (weapon)
Armour
 a - a +0 robe (worn)
 f - a scarf of invisibility (worn)
Jewellery
 e - a +6 ring of dexterity
Scrolls
 d - a scroll of teleportation {unknown}
 g - a scroll of identify {unknown}
Potions
 b - a potion of magic


   Skills:
 - Level 1.5 Dodging
 + Level 3.2 Stealth
 + Level 2.1 Spellcasting
 + Level 1.2 Transmutations
 + Level 4.1 Poison Magic


You had 3 spell levels left.
You knew the following spells:

 Your Spells              Type           Power      Damage    Failure   Level
a - Sting                 Tmut/Pois      36%        1d4       8%          1

Your spell library contained the following spells:

 Spells                   Type           Power      Damage    Failure   Level
 Poisonous Vapours        Pois/Air       14%        N/A       14%         2
 Mephitic Cloud           Conj/Pois/Air  5%         N/A       36%         3
 Olgreb's Toxic Radiance  Pois           14%        N/A       36%         4


Dungeon Overview and Level Annotations

Branches:
Dungeon (1/15)

Altars:


Innate Abilities, Weirdness & Mutations

Your serpentine skin is tough. (AC +0)
You have supernaturally acute eyesight. (SInv)
Armour fits poorly on your strangely shaped body.
Your system is resistant to poisons. (rPois)
You cover ground very slowly.
You can spit poison.
You have a snake-like lower body.


Message History

Casting: Sting (safe; 8% risk of failure)
Confirm with . or Enter, or press ? or * to list all spells.
You can't see any susceptible monsters within range! (Use Z to cast anyway.)
Casting: Sting (safe; 8% risk of failure)
Confirm with . or Enter, or press ? or * to list all spells.
Aiming: Sting (safe; 8% risk of failure)
Press: ? - help, Shift-Dir - straight line, f/p - ball python
Aim: a ball python (heavily wounded, poisoned, 64% to hit)
The sting hits the ball python.
The ball python looks even sicker.
You kill the ball python!
You have got your breath back.
Magic restored.
A hobgoblin comes into view.
A hobgoblin is nearby!
Casting: Sting (safe; 8% risk of failure)
Confirm with . or Enter, or press ? or * to list all spells.
You can't see any susceptible monsters within range! (Use Z to cast anyway.) Unknown command.
Found 16 stones.
Found a stone staircase leading down.
The hobgoblin shouts!
You barely miss the hobgoblin. The hobgoblin barely misses you.
You barely miss the hobgoblin. The hobgoblin barely misses you.
You completely miss the hobgoblin.
The hobgoblin hits you but does no damage.
You closely miss the hobgoblin. The hobgoblin closely misses you.
You closely miss the hobgoblin. The hobgoblin hits you.
You hit the hobgoblin.
The hobgoblin is severely wounded.
The hobgoblin barely misses you.
You hit the hobgoblin but do no damage.
The hobgoblin is severely wounded.
The hobgoblin closely misses you.
You hit the hobgoblin.
You kill the hobgoblin!
You see here a hobgoblin corpse.
Found a robe.
There is a stone staircase leading down here.
There is a staircase leading out of the dungeon here.
Are you sure you want to leave the Dungeon?
This will make you lose the game!
You have escaped!

#..####.# #.# #..#
#.# #.#
#..####.#####.#######
#...................#
#.............#####.#
##..########.## #.#
##..# #.#### #>#
....# #....###.#
##.## #.#..@##.# #.#
#.##.###.# ##.##
#.####...# ....#
#.####.### ....#
#.##.....# ..#.#
#.##.....#
#.#.########.##.)...#
#.#.................#
#.##########.##.....#


There were no monsters in sight!

Vanquished Creatures
  A ball python (D:1)
  A goblin (D:1)
  A hobgoblin (D:1)
  A quokka (D:1)
  A kobold (D:1)
5 creatures vanquished.

Notes
Turn   | Place    | Note
-------+----------+-------------------------------------------
     0 | D:1      | KateP the Naga Venom Mage began the quest for the Orb.
     0 | D:1      | Reached XP level 1. HP: 15/15 MP: 3/3
   712 | D:$      | Got out of the dungeon alive.

Illustrated notes

Levels and vault maps discovered:
D:1:      saegor_arrival_simple_a, layout_loops_ring,
          hellmonk_ecumenical_altar_heavens_door, minmay_statues_item

Action                   || total
-------------------------++-------
Melee: Dagger            ||    17
       Unarmed           ||     2
 Cast: Sting             ||     4
 Abil: Spit Poison       ||     3
 Stab: Sleeping          ||     1
Armor: Robe              ||     3
Dodge: Dodged            ||    11

Table legend: (Time is in decaauts)
 A = Elapsed time spent in this place.
 B = Non-inter-level travel time spent in this place.
 C = Inter-level travel time spent in this place.
 D = Time resting spent in this place.
 E = Time spent auto-exploring this place.
 F = Levels seen in this place.
 G = Mean time per level.
                   A        B        C        D        E       F      G
               +--------+--------+--------+--------+--------+-----+--------+
         Total |    827 |    827 |      0 |    254 |    399 |   1 |  827.0 |
       Dungeon |    827 |    827 |      0 |    254 |    399 |   1 |  827.0 |
               +--------+--------+--------+--------+--------+-----+--------+

Top non-repeatable levels by time:
     D:1: 827 daAuts
